 Dungeon Crawl Stone Soup version 0.29.1-15-g9cfb28693d (webtiles) character file.

Game seed: 12697777714677837903

244 Mickster the Magician (level 6, -1/41 HPs)
             Began as a Djinni Fire Elementalist on Mar 23, 2023.
             Slain by an orc
             ... wielding a +0 short sword
              (5 damage)
             ... on level 4 of the Dungeon.
             The game lasted 00:33:15 (3349 turns).

Mickster the Magician (Djinni Fire Elementalist)    Turns: 3349, Time: 00:33:18

Health: -1/41      AC:  4    Str:  7    XL:     6   Next: 32%
Gold:   91         EV: 13    Int: 18    God:
                   SH:  0    Dex: 14

rFire   + + .      SeeInvis .   j - +2 mace (drain)
rCold   . . .      Faith    .   (no shield)
rNeg    . . .      Spirit   .   a - +1 robe
rPois   ∞          Reflect  .   h - +0 helmet
rElec   .          Harm     .   (no cloak)
rCorr   .          Rampage  .   (no gloves)
Will    +....                   (boots unavailable)
Stlth   ++........              (no amulet)
HPRegen 0.13/turn               q - ring of protection from cold
MPRegen 0.00/turn               (no ring)

@: flying
A: sickness immunity, fire resistance 2, cold vulnerability 1, float, innate
caster, HP casting, extra vitality 1, strong-willed 1, sense surroundings 1
a: no special abilities


You were on level 4 of the Dungeon.
You visited 1 branch of the dungeon, and saw 4 of its levels.

You collected 149 gold pieces.
You spent 58 gold pieces at shops.

Inventory:

Hand Weapons
 b - a +0 club
 d - a +0 short sword
 e - a +0 sling
 g - a +4 dagger
 j - a +2 mace of draining (weapon)
Missiles
 c - 23 stones
 f - 3 javelins
 i - 6 poisoned darts (quivered)
Armour
 a - a +1 robe (worn)
 h - a +0 helmet (worn)
Magical Staves
 p - a staff of death
Jewellery
 q - a ring of protection from cold (left hand)
Scrolls
 k - a scroll of identify
 l - 2 scrolls of teleportation
 n - 2 scrolls of blinking
Potions
 m - a potion of lignification
 s - a potion of attraction


   Skills:
 + Level 0.5 Fighting
 - Level 0.7 Short Blades
 * Level 1.4 Maces & Flails
 + Level 3.2 Dodging
 + Level 2.5 Stealth
 * Level 4.0 Spellcasting


You couldn't memorise any spells.
You knew the following spells:

 Your Spells              Type           Power      Damage    Failure   Level
a - Foxfire               Conj/Fire      72%        2x1d7     2%          1
b - Scorch                Fire           36%        2d6       4%          2
c - Conjure Flame         Conj/Fire      18%        6-21      9%          3
d - Inner Flame           Hex/Fire       18%        N/A       9%          3
e - Flame Wave            Conj/Fire      18%        2d7       28%         4
f - Sting                 Tmut/Pois      72%        1d6       2%          1
g - Wereblood             Tmut           18%        N/A       4%          2
Your spell library was empty.

Dungeon Overview and Level Annotations

Branches:
Dungeon (4/15)
 Temple: D:4-7

Altars:

Shops:
D:2 [


Innate Abilities, Weirdness & Mutations

You are immune to sickness and miasma.
You are immune to poison.
Your flesh is very heat resistant. (rF++)
You are vulnerable to cold. (rC-)
You float through the air rather than walking.
You learn spells naturally, not from books.
Your magical power is your life essence.
You have superior vitality. (+4 MHP)
You are strong-willed. (Will+)
You passively map a small area around you.


Message History

* * * LOW HITPOINT WARNING * * *
The foxfire hits something. x2
You miss something.
You hear some strange, mumbled words.
A magic dart appears from out of thin air!
The magic dart hits you.
* * * LOW HITPOINT WARNING * * *
Something hits you but does no damage.
You miss something.
You hear some strange, mumbled words.
A magic dart appears from out of thin air!
The magic dart hits you.
* * * LOW HITPOINT WARNING * * *
Casting: Foxfire (safe; 2% risk of failure)
Confirm with . or Enter, or press ? or * to list all spells.
You conjure some foxfire!
* * * LOW HITPOINT WARNING * * *
The foxfire hits the orc.
The orc is moderately wounded.
The foxfire hits the orc.
The orc is lightly wounded.
Casting: Foxfire (safe; 2% risk of failure)
Confirm with . or Enter, or press ? or * to list all spells.
You conjure some foxfire!
* * * LOW HITPOINT WARNING * * *
The foxfire hits the orc.
The orc is moderately wounded.
You barely miss the orc.
The orc is moderately wounded.
The orc barely misses you.
You hear some strange, mumbled words.
A puff of flame appears from out of thin air!
The puff of flame misses you.
You closely miss the orc.
The orc is moderately wounded.
The orc closely misses you.
You hear some strange, mumbled words.
A puff of flame appears from out of thin air!
The puff of flame misses you. The orc hits you with a +0 short sword.
You die...

* #.####.####.#####
#.# #.# , ,..# , *
#.# #.# #.# , #.# #.#
#.# * #.# #.# #.# *#.
* #.# #.# #.# ###...
, * #.# #.# ##.##
#....#* * #.#
#.#######oo†##.....#
, ,..#
#....<.v@oKoO......#
* ###
#########{..##.......
##.## #...### #...
...... , ##### #####
*


You could see an ogre, an orc priest, 3 orcs and a kobold.

Vanquished Creatures
  A black bear (D:4)
  2 iguanas (D:4)
  An orc wizard (D:4)
  3 adders
  A worm (D:3)
  3 ball pythons
  2 endoplasms
  4 giant cockroaches
  3 goblins
  8 hobgoblins
  4 jackals (D:4)
  2 quokkas (D:3)
  6 bats
  3 frilled lizards
  6 kobolds
  5 rats
54 creatures vanquished.

Vanquished Creatures (others)
  101 foxfires
  7 plants
108 creatures vanquished.

Grand Total: 162 creatures vanquished

Notes
Turn   | Place    | Note
-------+----------+-------------------------------------------
     0 | D:1      | Mickster the Djinni Fire Elementalist began the quest for
                  | the Orb.
     0 | D:1      | Mickster set off with the following spells memorised:
                  | Foxfire, Scorch, Conjure Flame, Inner Flame, Flame Wave.
     0 | D:1      | Reached XP level 1. HP: 15/15 MP: 0/0
   173 | D:1      | Reached XP level 2. HP: 19/21 MP: 0/0
  1018 | D:2      | Reached XP level 3. HP: 16/25 MP: 0/0
  1018 | D:2      | Learned a level 1 spell: Sting
  1159 | D:2      | Found a faded altar of an unknown god.
  1466 | D:2      | Reached skill level 3 in Spellcasting
  1549 | D:2      | Found Yrakhude's Armour Shop.
  1559 | D:2      | Bought a +0 helmet for 58 gold pieces
  1959 | D:2      | Gained mutation: You are strong-willed. (Will+) [potion of
                  | mutation]
  1959 | D:2      | Gained mutation: You passively map a small area around you.
                  | [potion of mutation]
  2560 | D:3      | Reached XP level 4. HP: 29/31 MP: 0/0
  2919 | D:4      | Reached XP level 5. HP: 27/35 MP: 0/0
  2919 | D:4      | Learned a level 2 spell: Wereblood
  3011 | D:4      | Noticed a black bear
  3022 | D:4      | Killed a black bear
  3023 | D:4      | Reached skill level 1 in Maces & Flails
  3274 | D:4      | Reached XP level 6. HP: 37/40 MP: 0/0
  3332 | D:4      | Reached skill level 4 in Spellcasting
  3336 | D:4      | Noticed an ogre
  3349 | D:4      | Slain by an orc

Illustrated notes

Levels and vault maps discovered:
D:1:      scummos_arrival_hexagon, layout_rooms, serial_bayou,
          serial_bayou_shore_b, serial_bayou_lagoon_a, serial_bayou_pond_a,
          serial_bayou_pond_c
D:2:      layout_basic, shapermc_ecumenical_altar_pompeii, serial_shops, shop,
          serial_forest, infiniplex_forest_clump_medium,
          infiniplex_forest_straight_5, infiniplex_forest_clump_tiny,
          infiniplex_forest_lined_room_3, infiniplex_forest_lined_room_,
          infiniplex_forest_clump_C, grunt_ministairs_4
D:3:      layout_loops_corners, overflow_temple_1_default
D:4:      layout_loops_ring, serial_glass, glass_columns_a, glass_columns_a

Skill      XL: |  1  2  3  4  5  6 |
---------------+-------------------+-----
Spellcasting   | 3 4 |  4.0
Stealth        | 2 |  2.5
Maces & Flails | 1 |  1.4
Dodging        | 3 |  3.2
Fighting       | |  0.5
Short Blades   | |  0.7

Action                   |  1- 3 |  4- 6 || total
-------------------------+-------+-------++-------
Melee: Short sword       |     9 |       ||     9
       Club              |     2 |       ||     2
       Dagger            |    25 |       ||    25
       Punch             |     1 |       ||     1
       Mace              |       |    30 ||    30
 Cast: Foxfire           |    32 |    30 ||    62
       Scorch            |     3 |     4 ||     7
  Use: Scroll            |     7 |     1 ||     8
       Potion            |     2 |     3 ||     5
 Stab: Sleeping          |       |     1 ||     1
Armor: Robe              |    10 |    20 ||    30
Dodge: Dodged            |    36 |    43 ||    79
